 Dungeon Crawl Stone Soup version 0.21.0-3-g78d12a8 (console) character file.

107 removed the Conjurer (level 4, 0/52 HPs)
             Began as a Demigod Wanderer on Jan 15, 2018.
             Succumbed to an adder's poison
             ... on level 2 of the Dungeon.
             The game lasted 00:04:17 (2126 turns).

removed the Conjurer (Demigod Wanderer)             Turns: 2126, Time: 00:04:18

Health: 0/52       AC: 22    Str: 20    XL:     4   Next: 31%
Magic:  1/8        EV:  2    Int: 25    God:
Gold:   85         SH:  0    Dex: 13    Spells: 4/5 levels left

rFire    . . .     SeeInvis .   a - +0 spear
rCold    . . .     Gourm    .   (no shield)
rNeg     + + +     Faith    .   (armour currently unavailable)
rPois    +         Spirit   .   (helmet currently unavailable)
rElec    .         Reflect  .   (cloak currently unavailable)
rCorr    .         Harm     .   (gloves currently unavailable)
MR       .....     NoTele   +   (boots currently unavailable)
Stlth    +.........             k - amulet of inaccuracy (curse)
HPRegen  0.17/turn              p - ring of loudness (curse)
MPRegen  0.11/turn              (no ring)

@: mighty, brilliant, lethally poisoned (0 -> -2), tree-form, hasted, very quick
A: high mp 1
a: no special abilities


You were on level 2 of the Dungeon.
You were very hungry.
You were a tree.
You visited 1 branch of the dungeon, and saw 2 of its levels.

You collected 85 gold pieces.

Inventory:

Hand Weapons
 a - a +0 spear (weapon)
 b - a +3 blowgun
 f - a +0 dagger
Missiles
 c - 2 curare-tipped needles
Armour
 e - a +0 robe (melded)
 j - a +0 pair of gloves (melded)
Jewellery
 k - a cursed amulet of inaccuracy (around neck)
 p - a cursed ring of loudness (left branch)
Scrolls
 s - a scroll of teleportation
Potions
 r - a potion of brilliance
Books
 d - Vehumet's Handbook of Confrontation

   Spells                             Type                      Level
   a - Flame Tongue                   Conjuration/Fire             1
   b - Static Discharge               Conjuration/Air              3
Comestibles
 g - 4 rations


   Skills:
 - Level 1.0 Fighting
 - Level 1.7 Polearms
 - Level 1.0 Throwing
 - Level 1.0 Dodging
 - Level 1.7 Stealth
 - Level 1.2 Spellcasting
 + Level 2.7 Conjurations
 + Level 2.7 Fire Magic
   Level 1.0 Poison Magic


You had 4 spell levels left.
You knew the following spells:

 Your Spells              Type           Power        Failure   Level  Hunger
a - Flame Tongue          Conj/Fire      ####.        1%          1    #......


Dungeon Overview and Level Annotations

Branches:
Dungeon (2/15)

Annotations:
D:2 Sigmund


Innate Abilities, Weirdness & Mutations

You have an increased reservoir of magic. (+10% MP)


Message History

The rat completely misses you.
You miss the adder.
The adder is almost dead.
* * * LOW HITPOINT WARNING * * *
You feel sick. The adder barely misses you.
You barely miss the adder.
The adder is almost dead.
The adder bites you but does no damage. The rat completely misses you.
You puncture the adder!
You kill the adder!
The rat bites you but does no damage.
You puncture the rat!
You kill the rat!
You cannot move.
You cannot move.
You cannot move.
You cannot move.
There is a lethal amount of poison in your body!
Unknown command.
You die...

#.# #.# #.# ##.# ...#
##.#### #####
......########...##
.####.............####.#
..#)#.#........$♣†......
##.⌠.##..####.....####.#
#)⌠.⌠.#..# #.......
##.⌠.##..# #########
#.#.#....# ..####...#
........## #####...#
#####


There were no monsters in sight!

Vanquished Creatures
  Terence (D:1)
  3 adders (D:2)
  3 dart slugs
  2 leopard geckos (D:2)
  2 giant cockroaches (D:1)
  7 goblins
  6 hobgoblins (D:1)
  3 jackals (D:2)
  7 bats
  2 frilled lizards
  3 kobolds (D:1)
  7 rats
46 creatures vanquished.

Notes
Turn   | Place    | Note
-------+----------+-------------------------------------------
     0 | D:1      | removed the Demigod Wanderer began the quest for the Orb.
     0 | D:1      | removed set off with: 2 curare-tipped needles, a +2 blowgun, a +0 spear, Vehumet's Handbook of Confrontation, a +0 robe, a +0 dagger, a ration
     0 | D:1      | Reached XP level 1. HP: 16/16 MP: 3/3
     0 | D:1      | Identified Vehumet's Handbook of Confrontation
   166 | D:1      | Reached skill level 1 in Spellcasting
   278 | D:1      | Learned a level 1 spell: Flame Tongue
   301 | D:1      | Reached XP level 2. HP: 23/23 MP: 2/6
   450 | D:1      | Reached skill level 1 in Fire Magic
  1328 | D:2      | Reached XP level 3. HP: 28/28 MP: 5/7
  1330 | D:2      | Noticed Terence
  1336 | D:2      | Noticed Sigmund
  1388 | D:1      | Killed Terence
  1924 | D:2      | Reached XP level 4. HP: 35/35 MP: 4/8
  2116 | D:2      | HP: 2/52 [poisoned by an adder]
  2122 | D:2      | HP: 1/52 [poisoned by an adder]
  2126 | D:2      | Succumbed to an adder's poison

Skill      XL: |  1  2  3 |
---------------+----------+-----
Spellcasting   | 1 |  1.2
Fire Magic     | 1 2 |  2.7
Conjurations   | 2 |  2.7
Fighting       | |  1.0
Polearms       | |  1.7
Throwing       | |  1.0
Dodging        | |  1.0
Stealth        | |  1.7
Poison Magic   | |  1.0

Action                   |  1- 3 |  4- 6 || total
-------------------------+-------+-------++-------
Melee: Spear             |    58 |    13 ||    71
 Cast: Flame Tongue      |    72 |    13 ||    85
  Use: Scroll            |     3 |       ||     3
       Potion            |       |     4 ||     4
 Stab: Sleeping          |     2 |       ||     2
  Eat: Chunk             |     5 |       ||     5
Armor: Robe              |    36 |     6 ||    42
       Skin              |       |     9 ||     9
Dodge: Dodged            |    75 |    24 ||    99
